 Dungeon Crawl Stone Soup version 0.30-a0-1157-g2cc9ac7196 (webtiles) character file.

Game seed: 15872366879150100655

370 Sobieck the Ruffian (level 6, 0/42 (47) HPs)
             Began as a Draconian Transmuter on Apr 24, 2023.
             Slain by a wight
             ... wielding a +3 battleaxe
              (5 damage)
             ... on level 7 of the Dungeon.
             The game lasted 00:04:42 (2695 turns).

Sobieck the Ruffian (Draconian Transmuter)          Turns: 2695, Time: 00:04:42

HP:   0/42 (47)     AC:  9    Str: 15    XL:     6   Next: 42%
MP:   8/9           EV: 12    Int: 13    God:
Gold: 169           SH:  0    Dex: 11    Spells: 6/9 levels left

rFire   . .          .
                       - Unarmed
rCold   . . .        (no shield)
rNeg    . . .        (body armour unavailable)
rPois   .            (helmet currently unavailable)
rElec   .            d - +0 cloak
rCorr   .            c - +1 pair of gloves
SInv    .            (boots currently unavailable)
Will    .....        (no amulet)
Stlth   ++           (no ring)
HPRegen 0.27/turn    (no ring)
MPRegen 0.11/turn

%: no passive effects
@: appendages (expiring), heavily drained
A: horns 2, talons 2, AC +6, unfitting armour, cold-blooded
a: End Transformation


You were on level 7 of the Dungeon.
You had temporarily grown beastly horns and talons.
You visited 1 branch of the dungeon, and saw 5 of its levels.

You collected 169 gold pieces.


Innate Abilities, Weirdness & Mutations

You have temporarily grown beastly horns and talons.
Your plain brown scales are hard. (AC +6)
You cannot fit into any form of body armour.
You are cold-blooded and may be slowed by cold attacks.


   Skills:
 - Level 1.1 Fighting
 + Level 3.6 Dodging
 - Level 2.0 Stealth
 * Level 5.9 Unarmed Combat
 - Level 2.0 Spellcasting
 - Level 2.0 Transmutations


You had 6 spell levels left.
You knew the following spells:

 Your Spells              Type           Power      Damage    Failure   Level
a - Beastly Appendage     Tmut           12%        N/A       11%         1
b - Wereblood             Tmut           6%         N/A       17%         2

Your spell library contained the following spells:

 Spells                   Type           Power      Damage    Failure   Level
 Spider Form              Tmut/Pois      3%         N/A       45%         3
 Ice Form                 Ice/Tmut       3%         N/A       86%         4

Inventory:

Missiles
 b - 33 stones {throwing}
 g - 2 poisoned darts {throwing}
 o - 6 boomerangs {throwing}
Armour
 c - a +1 pair of gloves (worn)
   (You found it on level 1 of the Dungeon)
 d - a +0 cloak (worn)
   (You found it on level 1 of the Dungeon)
Magical Staves
 l - a staff of fire {!astaff}
   (You took it off a goblin on level 2 of the Dungeon)
Jewellery
 f - a ring of ice
   (You found it on level 1 of the Dungeon)
Wands
 r - a wand of flame (28)
   (You found it on level 3 of the Dungeon)
Scrolls
 e - a scroll of magic mapping {!r}
 h - 3 scrolls of blinking {!r}
Potions
 a - a potion of lignification {!q}
 i - a potion of haste {unknown}
 j - 2 potions of attraction {unknown}
 k - a potion of flight {unknown}
 m - a potion of might {unknown}
 n - a potion of curing {unknown}
 p - a potion of berserk rage {unknown}
 q - a potion of heal wounds {unknown}
 s - a potion of brilliance {unknown}

Dungeon Overview and Level Annotations

Branches:
Dungeon (4/15) Zot: 26767
 Temple: D:4-7

Altars:
Fedhas

#.~≈≈~.#
#.~≈≈~.#
#########.≈≈≈~z#
#.......#.~~†~z#
#.#######......#
#.# ####z### #.#
#..#
#.#########.##
#.......@zzz#
#############


You could see 3 wights.


Message History

Your Unarmed Combat skill increases to level 5!
Your transformation is almost over.
You see here a bullfrog corpse.
You start resting.
Unknown command.
Unknown command.
Unknown command.
You start resting.
Your horns disappear.
Your talons disappear.
You start waiting.
An electric eel comes into view.
Danger!
Unknown command.
There is an open door here.
Unknown command.
Casting: Beastly Appendage (safe; 11% risk of failure)
Confirm with . or Enter, or press ? or * to list all spells.
You grow a pair of large bovine horns.
Your feet morph into talons.
The electric eel shoots out a bolt of lightning at you!
The bolt of electricity misses you.
A steam dragon comes into view.
You miss the electric eel. Your kick misses the electric eel.
You barely miss the electric eel. Your kick misses the electric eel.
The electric eel shoots out a bolt of lightning at you!
The bolt of electricity hits you!
You hit the electric eel. Your kick misses the electric eel.
You miss the electric eel. You closely miss the electric eel.
Your kick misses the electric eel. Your headbutt misses the electric eel.
Your transformation is almost over.
The electric eel shoots out a bolt of lightning at you!
The bolt of electricity hits you.
You hit the electric eel. You headbutt the electric eel!
You kill the electric eel!
You hit the steam dragon. You claw the steam dragon.
The steam dragon breathes steam at you. The ball of steam hits you!
Unknown command.
You hit the steam dragon. You claw the steam dragon. You hit the steam dragon.
You claw the steam dragon.
The steam dragon completely misses you. x2
You hit the steam dragon. You headbutt the steam dragon.
You kill the steam dragon!
You have reached level 6!
Your scales feel tougher.
There is an open door here.
Your horns disappear.
Your talons disappear.
You see here a bullfrog corpse.
You start resting.
Unknown command.
Unknown command.
Unknown command.
You see here a bullfrog corpse.
There is an open door here.
You open the door. 3 wights come into view.
Danger!
What are your orders? t - Shout!
Orders for allies: a - Attack new target. r - Retreat! s - Stop attacking. g - Guard the area. f - Follow me.
Anything else - Cancel.
You shout for attention!
Unknown command.
There is an open door here.
You see here a bullfrog corpse.
Danger!
You miscast Beastly Appendage.
You are very lightly contaminated with residual magic.
Nothing appears to happen.
Unknown command.
Unknown command.
Unknown command.
You grow a pair of large bovine horns.
Your feet morph into talons.
Unknown command.
Unknown command.
You hit the wight. The wight hits you with a +3 battleaxe.
You feel drained.
You barely miss the wight. Your kick misses the wight. The wight misses you.
You closely miss the wight. Your headbutt misses the wight.
The wight hits you with a +3 battleaxe.
You feel drained.
You closely miss the wight.
You tail-slap the wight, but do no damage.
The wight hits you with a +3 battleaxe.
You hit the wight but do no damage. You claw the wight.
Your tail-slap misses the wight.
Your transformation is almost over.
The wight hits you with a +3 battleaxe!
* * * LOW HITPOINT WARNING * * *
You feel drained.
* * * LOW HITPOINT WARNING * * *
You closely miss the wight. Your headbutt misses the wight.
The wight hits you with a +3 battleaxe!
* * * LOW HITPOINT WARNING * * *
Your magical contamination has completely faded away.
You hit the wight. Your kick misses the wight. You tail-slap the wight.
The wight hits you with a +3 battleaxe.
You die...

Skill      XL: |  1  2  3  4  5 |
---------------+----------------+-----
Dodging        | 2 3 |  3.6
Stealth        | 1 2 |  2.0
Unarmed Combat | 4 5 |  5.9
Fighting       | |  1.1
Spellcasting   | |  2.0
Transmutations | |  2.0

Action                     |  1- 3 |  4- 6 || total
---------------------------+-------+-------++-------
  Melee: Unarmed           |    73 |    85 ||   158
         Tailslap          |     9 |     7 ||    16
         Kick              |    13 |    22 ||    35
         Headbutt          |     6 |    11 ||    17
         Punch             |     4 |     2 ||     6
   Cast: Beastly Appendage |    17 |    20 ||    37
    Use: Scroll            |       |     4 ||     4
   Stab: Sleeping          |     1 |     1 ||     2
 Armour: Skin              |    18 |    25 ||    43
  Dodge: Dodged            |    35 |    39 ||    74

Levels and vault maps discovered:
D:1:      dpeg_arrival_simpleton_c, layout_loops_cross
D:2:      layout_rooms, kennysheep_generic_room_4
D:3:      layout_loops_cross, fedhas_altar_3
D:4:      layout_basic, serial_shops, shop
D:7:      layout_basic, serial_shops, shop, minivault_27, nrook_pool_corridor,
          uniq_pikel, uniq_maggie

Notes
Turn   | Place    | Note
-------+----------+-------------------------------------------
     0 | D:1      | Sobieck the Draconian Transmuter began the quest for the
                  | Orb.
     0 | D:1      | Reached XP level 1. HP: 16/16 MP: 3/3
   224 | D:1      | Reached skill level 2 in Dodging
   235 | D:1      | Reached XP level 2. HP: 23/23 MP: 3/5
   491 | D:1      | Reached skill level 1 in Stealth
   655 | D:1      | Reached XP level 3. HP: 19/28 MP: 4/6
   899 | D:2      | Reached skill level 4 in Unarmed Combat
   902 | D:2      | Reached XP level 4. HP: 12/35 MP: 5/7
  1745 | D:3      | Found a blossoming altar of Fedhas.
  1803 | D:3      | Learned a level 2 spell: Wereblood
  1848 | D:3      | Reached skill level 2 in Stealth
  2128 | D:3      | Reached XP level 5. HP: 40/40 MP: 6/8
  2461 | D:4      | You fall into a shaft and drop 3 floors!
  2485 | D:7      | Reached skill level 3 in Dodging
  2485 | D:7      | Reached skill level 5 in Unarmed Combat
  2537 | D:7      | Noticed a steam dragon
  2547 | D:7      | Killed a steam dragon
  2548 | D:7      | Reached XP level 6. HP: 26/47 MP: 9/9
  2694 | D:7      | HP: 5/42 [wight/+3 battleaxe (8)]
  2695 | D:7      | Slain by a wight

Vanquished Creatures
  A steam dragon (D:7)
  A bullfrog (D:7)
  An electric eel (D:7)
  A hound (D:2)
  5 adders (D:3)
  2 worms (D:2)
  5 dart slugs
  3 bats
  5 endoplasms
  2 giant cockroaches (D:2)
  7 goblins
  7 hobgoblins
  4 quokkas (D:1)
  A ball python (D:1)
  2 frilled lizards
  A kobold (D:2)
  3 rats
51 creatures vanquished.

Table legend:
 A = Non-vault XP
 B = Vault XP
 C = Vault XP percentage of total XP
 D = Non-vault monster count
 E = Vault monster count
 F = Vault count percentage of total count
                 A         B        C        D         E       F
            +---------+---------+-------+---------+---------+-------
      Total |     525 |       4 |   0.8 |      50 |       1 |   2.0
            +---------+---------+-------+---------+---------+-------
        D:1 |      41 |       0 |   0.0 |      19 |       0 |   0.0
        D:2 |      77 |       4 |   4.9 |      17 |       1 |   5.6
        D:3 |      77 |       0 |   0.0 |      11 |       0 |   0.0
        D:7 |     330 |       0 |   0.0 |       3 |       0 |   0.0
            +---------+---------+-------+---------+---------+-------

Skill      XL: |  1  2  3  4  5 |
---------------+----------------+-----
Dodging        | 2 3 |  3.6
Stealth        | 1 2 |  2.0
Unarmed Combat | 4 5 |  5.9
Fighting       | |  1.1
Spellcasting   | |  2.0
Transmutations | |  2.0

Action                     |  1- 3 |  4- 6 || total
---------------------------+-------+-------++-------
  Melee: Unarmed           |    73 |    85 ||   158
         Tailslap          |     9 |     7 ||    16
         Kick              |    13 |    22 ||    35
         Headbutt          |     6 |    11 ||    17
         Punch             |     4 |     2 ||     6
   Cast: Beastly Appendage |    17 |    20 ||    37
    Use: Scroll            |       |     4 ||     4
   Stab: Sleeping          |     1 |     1 ||     2
 Armour: Skin              |    18 |    25 ||    43
  Dodge: Dodged            |    35 |    39 ||    74

Illustrated notes

Table legend:
 A = Kills in this place as a percentage of kills in the entire game.
 B = Kills by you in this place as a percentage of kills by you in the entire game.
 C = Kills by friends in this place as a percentage of kills by friends in the entire game.
 D = Other kills in this place as a percentage of other kills in the entire game.
 E = Experience gained in this place as a percentage of experience gained in the entire game.
 F = Experience gained in this place divided by the number of levels of this place that you have seen.
                   A       B       C       D       E      F
               +-------+-------+-------+-------+-------+----------------------
         Total | 100.0 | 100.0 |   N/A |   N/A | 100.0 | 105.8
       Dungeon | 100.0 | 100.0 |   N/A |   N/A | 100.0 | 105.8
               +-------+-------+-------+-------+-------+----------------------

Table legend: (Time is in decaauts)
 A = Elapsed time spent in this place.
 B = Non-inter-level travel time spent in this place.
 C = Inter-level travel time spent in this place.
 D = Time resting spent in this place.
 E = Time spent auto-exploring this place.
 F = Levels seen in this place.
 G = Mean time per level.
                   A        B        C        D        E       F      G
               +--------+--------+--------+--------+--------+-----+--------+
         Total |   2686 |   2623 |     63 |    233 |   1955 |   5 |  537.2 |
       Dungeon |   2686 |   2623 |     63 |    233 |   1955 |   5 |  537.2 |
               +--------+--------+--------+--------+--------+-----+--------+

Top non-repeatable levels by time:
     D:1: 856 daAuts
     D:3: 766 daAuts
     D:2: 714 daAuts
     D:7: 231 daAuts
     D:4: 117 daAuts
